 Dungeon Crawl Stone Soup version 0.31-a0-37-g98a128e1d9 (webtiles) character file.

Game seed: 15792689594764335542

93 Nedwor the Twirler (level 4, -1/40 HPs)
             Began as a Minotaur Gladiator on May 15, 2023.
             Killed by divine providence
             ... invoked by an orc priest
              (13 damage)
             ... on level 4 of the Dungeon.
             The game lasted 00:01:53 (2677 turns).

Nedwor the Twirler (Minotaur Gladiator)             Turns: 2677, Time: 00:01:54

Health: -1/40      AC:  3    Str: 20    XL:     4   Next: 37%
Magic:  3/3        EV: 12    Int:  5    God:
Gold:   221        SH:  0    Dex: 12    Spells: 3/3 levels left

rFire   . . .        a - +0 quarterstaff
rCold   . . .        (shield currently unavailable)
rNeg    . . .        b - +0 leather armour
rPois   .            c - +0 hat
rElec   .            (no cloak)
rCorr   .            (no gloves)
SInv    .            (no boots)
Will    .....        (no amulet)
Stlth   +            (no ring)
HPRegen 0.26/turn    (no ring)
MPRegen 0.08/turn

%: no passive effects
@: no status effects
A: horns 2, retaliatory headbutt
a: no special abilities


You were on level 4 of the Dungeon.
You visited 1 branch of the dungeon, and saw 4 of its levels.

You collected 221 gold pieces.

Inventory:

Hand Weapons
 a - a +0 quarterstaff (weapon)
Missiles
 d - 3 throwing nets (quivered)
 e - a javelin
Armour
 b - a +0 leather armour (worn)
 c - a +0 hat (worn)
Jewellery
 h - a ring of see invisible
 q - an amulet of faith
Scrolls
 i - a scroll of enchant armour {unknown}
 k - a scroll of magic mapping {unknown}
 n - a scroll of vulnerability {unknown}
 p - 2 scrolls of teleportation {unknown}
 s - a scroll of fog {unknown}
 v - a scroll of poison {unknown}
 w - a scroll of enchant weapon {unknown}
Potions
 f - a potion of attraction {unknown}
 g - a potion of resistance {unknown}
 j - 4 potions of lignification {unknown}
 l - a potion of heal wounds {unknown}
 m - a potion of mutation {unknown}
 o - a potion of ambrosia {unknown}
 r - 2 potions of curing {unknown}
 t - 2 potions of might {unknown}
 u - a potion of cancellation {unknown}
 x - a potion of berserk rage {unknown}


   Skills:
 + Level 3.7 Fighting
 * Level 5.5 Staves
 - Level 2.0 Throwing
 - Level 0.4 Armour
 - Level 3.3 Dodging


You had 3 spell levels left.
You didn't know any spells.
Your spell library contained the following spells:

 Spells                   Type           Power      Damage    Failure   Level
 Beastly Appendage        Tmut           0%         N/A       54%         1
 Sting                    Tmut/Pois      0%         1d3       54%         1
 Poisonous Vapours        Pois/Air       0%         N/A       67%         2
 Wereblood                Tmut           0%         N/A       67%         2
 Spider Form              Tmut/Pois      0%         N/A       88%         3
 Olgreb's Toxic Radiance  Pois           0%         N/A       99%         4


Dungeon Overview and Level Annotations

Branches:
Dungeon (4/15)
 Temple: D:4-7

Altars:
Gozag
Makhleb


Innate Abilities, Weirdness & Mutations

You have a pair of horns on your head.
You reflexively headbutt those who attack you in melee.


Message History

No target in view!
No target in view!
No target in view!
No target in view!
As you open the door, it creaks loudly!
There is an open door here.
You open the door.
There is an open door here.
You open the door.
There is an open door here.
An orc comes into view. It is wielding a +0 hand axe.
The orc shouts!
An orc comes into view. It is wielding a +0 hand axe.
The orc moves out of view.
An orc comes into view. It is wielding a +0 mace.
There are monsters nearby!
There are monsters nearby!
There are monsters nearby!
An orc priest and an orc come into view.
The orc shouts! x3; The orc priest shouts!
The orc priest looks satisfied for a moment.
The orc priest mumbles some strange prayers to Beogh against you.
Beogh smites you!
Found a bubbling puce potion.
The orc hits you with a +0 short sword.
You barely miss the orc.
The orc priest mumbles some strange prayers to Beogh against you.
Beogh smites you! The orc hits you with a +0 hand axe.
You are too injured to fight recklessly!
You are too injured to fight recklessly!
You hit the orc.
The orc is heavily wounded.
The orc hits you with a +0 mace.
* * * LOW HITPOINT WARNING * * *
You hit the orc.
You kill the orc!
You sock the orc!
You kill the orc!
The orc priest invokes the aid of Beogh against you.
Beogh smites you!
You die...

....... #.#.# .......
#.#.# ##..... .......
#.#.. ....... .......
....# ...!...
#.......##.#.# .......
#.......##.#.# .......
+.......##.#.### .......
#..............###o......
#........#.###..@o.......
#........#.# #.###o######
#........#.# #.# .#
#........#.# #.# .#
###'####.#.# #.# .# #.#
#.#.# #.# +# ###'####.#.#
#.. .........# .##
.........#


You could see an orc priest and 2 orcs.

Vanquished Creatures
  2 adders
  A worm (D:3)
  6 dart slugs
  3 orcs
  6 endoplasms
  8 giant cockroaches
  5 goblins
  4 hobgoblins
  2 jackals (D:2)
  6 kobolds
  4 ball pythons
  4 bats
  A frilled lizard (D:1)
  5 rats
57 creatures vanquished.

Notes
Turn   | Place    | Note
-------+----------+-------------------------------------------
     0 | D:1      | Nedwor the Minotaur Gladiator began the quest for the Orb.
     0 | D:1      | Reached XP level 1. HP: 18/18 MP: 0/0
   233 | D:1      | Found a faded altar of an unknown god.
   242 | D:1      | Reached skill level 4 in Staves
   242 | D:1      | Reached XP level 2. HP: 25/25 MP: 1/1
   893 | D:2      | Reached XP level 3. HP: 29/31 MP: 2/2
  1407 | D:2      | Reached skill level 5 in Staves
  1910 | D:3      | Reached XP level 4. HP: 38/38 MP: 3/3
  2117 | D:3      | Found a burning altar of Makhleb.
  2573 | D:4      | Found an opulent altar of Gozag.
  2677 | D:4      | Killed from afar by an orc priest

Illustrated notes

Levels and vault maps discovered:
D:1:      dpeg_arrival_windows_large_door, layout_loops_ring,
          chequers_ecumenical_altar_simple_redux, kennysheep_crisscross
D:2:      layout_loops_corners, hangedman_abyss_or_decor_stabs
D:3:      layout_loops_ring, mainiacjoe_overflow_boulevard
D:4:      layout_basic, grunt_gozag_breadcrumbs

Skill      XL: |  1  2  3 |
---------------+----------+-----
Staves         | 4 5 |  5.5
Fighting       | 3 |  3.7
Throwing       | |  2.0
Armour         | |  0.4
Dodging        | |  3.3

Action                     |  1- 3 |  4- 6 || total
---------------------------+-------+-------++-------
  Melee: Quarterstaff      |   100 |    27 ||   127
         Headbutt          |    14 |     6 ||    20
 Armour: Leather armour    |    21 |     5 ||    26
  Dodge: Dodged            |    63 |     8 ||    71

Table legend: (Time is in decaauts)
 A = Elapsed time spent in this place.
 B = Non-inter-level travel time spent in this place.
 C = Inter-level travel time spent in this place.
 D = Time resting spent in this place.
 E = Time spent auto-exploring this place.
 F = Levels seen in this place.
 G = Mean time per level.
                   A        B        C        D        E       F      G
               +--------+--------+--------+--------+--------+-----+--------+
         Total |   2684 |   2582 |    102 |      0 |   2236 |   4 |  671.0 |
       Dungeon |   2684 |   2582 |    102 |      0 |   2236 |   4 |  671.0 |
               +--------+--------+--------+--------+--------+-----+--------+

Top non-repeatable levels by time:
     D:2: 1058 daAuts
     D:1: 777 daAuts
     D:3: 701 daAuts
     D:4: 146 daAuts
